 Dungeon Crawl Stone Soup version 0.26-a0-980-g0fe3eaa9ac (webtiles) character file.

Game seed: 13663266733377132714

323 xzight the Ruffian (level 6, -5/52 HPs)
             Began as a Ghoul Gladiator on Dec 5, 2020.
             Slain by a lemure (6 damage)
             ... led by Pikel
             ... on level 4 of the Dungeon.
             The game lasted 00:10:58 (2542 turns).

xzight the Ruffian (Ghoul Gladiator)                Turns: 2542, Time: 00:10:58

Health: -5/52      AC:  4    Str: 20    XL:     6   Next: 47%
Magic:  5/5        EV: 12    Int:  3    God:
Gold:   95         SH:  0    Dex: 10    Spells: 5/5 levels left

rFire    . . .     SeeInvis .     - Unarmed
rCold    + . .     Faith    .   (no shield)
rNeg     + + +     Spirit   .   a - +0 leather armour
rPois    ∞         Reflect  .   b - +0 helmet
rElec    .         Harm     .   (no cloak)
rCorr    .         Rampage  .   (no gloves)
MR       .....                  (no boots)
Stlth    +.........             (no amulet)
HPRegen  0.00/turn              (no ring)
MPRegen  0.09/turn              (no ring)

@: no status effects
A: rotting body, claws 1, cold resistance 1, negative energy resistance 3,
inhibited regeneration, torment resistance, unbreathing
a: no special abilities


You were on level 4 of the Dungeon.
You visited 1 branch of the dungeon, and saw 4 of its levels.

You collected 95 gold pieces.


Innate Abilities, Weirdness & Mutations

Your body is rotting away.
You thrive by killing the living.
You are immune to poison.
You have sharp fingernails.
Your flesh is cold resistant. (rC+)
You are immune to negative energy. (rN+++)
You do not regenerate when monsters are visible.
You are immune to unholy pain and torment.
You can survive without breathing.


   Skills:
 + Level 3.7 Fighting
 + Level 3.0 Throwing
 + Level 2.3 Armour
 - Level 2.6 Dodging
 * Level 5.5 Unarmed Combat


You had 5 spell levels left.
You didn't know any spells.
Your spell library was empty.

Inventory:

Missiles
 c - 3 throwing nets {=f}
 m - 7 boomerangs (quivered)
Armour
 a - a +0 leather armour (worn)
 b - a +0 helmet (worn)
Jewellery
 j - an uncursed ring of flight {unknown}
 n - a +6 ring of dexterity {unknown}
 o - an uncursed amulet of the acrobat {unknown}
Wands
 k - a wand of digging (8)
Scrolls
 f - 3 scrolls of identify {unknown}
 g - 2 scrolls of amnesia {unknown}
 i - a scroll of remove curse {@r2}
 q - a scroll of magic mapping {unknown}
Potions
 d - 2 potions of curing {@q1}
 e - a potion of degeneration {unknown}
 h - 2 potions of heal wounds {unknown}
 l - 2 potions of lignification {unknown}
 p - a potion of haste {unknown}

Dungeon Overview and Level Annotations

Branches:
Dungeon (3/15)             Temple (0/1) D:4

Altars:

Annotations:
D:4 1 runed translucent door, Pikel

#.......# #8.........8#
####.########.......###
#...#####'###...(.##
#.####.....###...##
#....'.....+#8...8#
#.######.....###...##
#.5........55'##...#
#######....K5###...## .#
#.#+##@##8...8###..
#.#..5..##...##..######
#.#..#.#...............
#.#....#...........[...
#.##.###...............
########...............†......
#......B....###.......>..†....
#.########### ###........)....
#.############ #........#####


You could see Pikel and 4 lemures.


Message History

The lemure barely misses you.
Pikel hits you with a +1 whip of flaming.
* * * LOW HITPOINT WARNING * * *
Pikel burns you.
* * * LOW HITPOINT WARNING * * *
The lemure completely misses you.
You scratch Pikel.
Pikel is almost dead.
The lemure closely misses you.
Pikel hits you with a +1 whip of flaming.
* * * LOW HITPOINT WARNING * * *
Pikel burns you.
* * * LOW HITPOINT WARNING * * *
The lemure closely misses you.
You completely miss Pikel.
Pikel is almost dead.
The lemure hits you but does no damage.
Pikel says, "It's all about the gold, really."
Pikel hits you with a +1 whip of flaming.
* * * LOW HITPOINT WARNING * * *
Pikel burns you.
* * * LOW HITPOINT WARNING * * *
Okay, then.
Okay, then.
You closely miss Pikel.
Pikel is almost dead.
The lemure hits you.
* * * LOW HITPOINT WARNING * * *
The lemure hits you.
You die...

Skill      XL: |  1  2  3  4  5 |
---------------+----------------+-----
Throwing       | 2 3 |  3.0
Armour         | 1 2 |  2.3
Unarmed Combat | 4 5 |  5.5
Fighting       | 3 |  3.7
Dodging        | |  2.6

Action                   |  1- 3 |  4- 6 || total
-------------------------+-------+-------++-------
Melee: Unarmed           |   109 |    86 ||   195
       Punch             |     3 |     1 ||     4
Throw: Boomerang         |       |    11 ||    11
  Use: Scroll            |       |     6 ||     6
       Potion            |       |     2 ||     2
Armor: Leather armour    |    40 |    20 ||    60
Dodge: Dodged            |    84 |    59 ||   143

Levels and vault maps discovered:
D:1:      dpeg_arrival_round_a, layout_loops_ring, moated_statue
D:2:      layout_loops_ring, st_stairs_9, uniq_natasha, uniq_sigmund
D:3:      layout_rooms, zin_academy, saegor_snake_ambush, uniq_jessica
D:4:      layout_basic, minmay_temple_entry_hall, gammafunk_ghost_grave,
          chequers_hall_statues_y, minmay_curled_crystal, uniq_pikel

Notes
Turn   | Place    | Note
-------+----------+-------------------------------------------
     0 | D:1      | xzight the Ghoul Gladiator began the quest for the Orb.
     0 | D:1      | Reached XP level 1. HP: 17/17 MP: 0/0
    96 | D:1      | Reached XP level 2. HP: 21/25 MP: 1/1
   181 | D:1      | Reached skill level 2 in Throwing
   351 | D:1      | Reached XP level 3. HP: 30/30 MP: 2/2
   431 | D:1      | Reached skill level 1 in Armour
   881 | D:2      | Reached skill level 4 in Unarmed Combat
   884 | D:2      | Noticed Natasha
   893 | D:2      | Killed Natasha
   894 | D:2      | Reached XP level 4. HP: 26/37 MP: 3/3
  1080 | D:2      | Noticed Natasha
  1135 | D:1      | HP: 1/37 [Natasha (9)]
  1364 | D:1      | Killed Natasha
  1365 | D:1      | Reached skill level 3 in Fighting
  1392 | D:2      | Noticed Sigmund
  1616 | D:2      | Reached XP level 5. HP: 45/45 MP: 4/4
  1845 | D:3      | You fall into a shaft and drop 1 floor!
  1846 | D:4      | Found a staircase to the Ecumenical Temple.
  2175 | D:4      | Killed Sigmund
  2176 | D:4      | Reached skill level 3 in Throwing
  2176 | D:4      | Reached skill level 2 in Armour
  2176 | D:4      | Reached skill level 5 in Unarmed Combat
  2176 | D:4      | Reached XP level 6. HP: 51/51 MP: 5/5
  2236 | D:4      | Found a runed translucent door.
  2512 | D:4      | Noticed Pikel
  2541 | D:4      | HP: 5/52 [Pikel/+1 whip of flaming (1)]
  2542 | D:4      | HP: 1/52 [lemure[Pikel] (3)]
  2542 | D:4      | Slain by a lemure

Vanquished Creatures
  Sigmund (D:4)
  Natasha (twice) (D:2 D:1)
  A worker ant (D:4)
  A worker ant zombie (D:4)
  4 adders
  An adder skeleton (D:4)
  2 dart slugs (D:1)
  2 leopard geckos (D:1)
  An orc (D:4)
  A ball python (D:1)
  6 bats
  4 giant cockroaches
  4 goblins
  5 hobgoblins
  6 kobolds
  4 frilled lizards (D:2)
  4 rats
49 creatures vanquished.

Table legend: (Time is in decaauts)
 A = Elapsed time spent in this place.
 B = Non-inter-level travel time spent in this place.
 C = Inter-level travel time spent in this place.
 D = Time resting spent in this place.
 E = Time spent auto-exploring this place.
 F = Levels seen in this place.
 G = Mean time per level.
                   A        B        C        D        E       F      G
               +--------+--------+--------+--------+--------+-----+--------+
         Total |   2543 |   2501 |     42 |    673 |   1308 |   4 |  635.8 |
       Dungeon |   2543 |   2501 |     42 |    673 |   1308 |   4 |  635.8 |
               +--------+--------+--------+--------+--------+-----+--------+

Top non-repeatable levels by time:
     D:1: 1101 daAuts
     D:2: 735 daAuts
     D:4: 692 daAuts
     D:3: 13 daAuts

Table legend:
 A = Non-vault XP
 B = Vault XP
 C = Vault XP percentage of total XP
 D = Non-vault monster count
 E = Vault monster count
 F = Vault count percentage of total count
                 A         B        C        D         E       F
            +---------+---------+-------+---------+---------+-------
      Total |     212 |     250 |  54.1 |      45 |       4 |   8.2
            +---------+---------+-------+---------+---------+-------
        D:1 |      84 |       0 |   0.0 |      24 |       0 |   0.0
        D:2 |      56 |      38 |  40.4 |      15 |       3 |  16.7
        D:4 |      72 |     212 |  74.6 |       6 |       1 |  14.3
            +---------+---------+-------+---------+---------+-------
